[Event "NED-ch U20 Youth 2019"]
[Site "Assen"]
[Date "2019.05.04"]
[Round "7.3"]
[White "Pols, Wiggert"]
[Black "Van Dael, Siem"]
[Result "0-1"]
[ECO "B23"]
[WhiteElo "2104"]
[BlackElo "2206"]
[Annotator "NA RC"]
[PlyCount "126"]
[EventDate "2019.04.28"]
[EventType "swiss"]
[EventCountry "NED"]
[SourceTitle "playchess.com"]
[Source "ChessBase"]
[SourceQuality "1"]
[TimeControl "40/5400+30:1800+30"]

1. e4 c5 2. Nc3 e6 3. Nge2 Nc6 4. g3 Nge7 5. Bg2 g6 6. d4 cxd4 7. Nxd4 Bg7 {[%emt 0:00:10] B23: Closed Sicilian: Lines without g3} (7... a6 8. O-O Bg7 9. Be3 O-O 10. a4 Qc7 11. Nb3 b6 12. Qe2 Ne5 13. Nd2 Rb8 14. f4 N5c6 15. Nb3 {0-1 (42) Krapivin,V (2327)-Nagy,G (2452) Pardubice 2017}) 8. Ndb5 O-O 9. Bf4 d5 $146 ({Predecessor:} 9... e5 10. Be3 a6 11. Nd6 Nd4 12. Ne2 Qc7 13. Nxd4 Qxd6 14. Nb3 Qe6 15. Qd2 {1-0 (52) Palchun,G (2199)-Bekhovskiy,M (1874) St Petersburg 2012}) 10. exd5 exd5 11. O-O $1 d4 12. Ne4 a6 13. Nc7 Ra7 14. c4 $1 Ne5 15. Nd5 Nxd5 16. cxd5 Bg4 17. Qb3 b5 18. Rfe1 Re8 19. a4 bxa4 20. Rxa4 Kh8 (20... d3 $11) 21. Raa1 (21. Rxd4 $16 f5 22. Ra4) 21... h6 22. h3 Bf5 23. g4 Bxe4 24. Bxe4 Rae7 25. Bd2 Nxg4 26. hxg4 (26. Bg2 $15 Rxe1+ 27. Rxe1 Rxe1+ 28. Bxe1) 26... Rxe4 27. Rxe4 Rxe4 28. f3 Re5 29. d6 Qh4 ({Don't take} 29... Qxd6 30. Bf4 $17) 30. Qd3 Qg3+ 31. Kf1 Rd5 $2 (31... Bf6 $19 {and Black stays clearly on top.} 32. Re1 Rxe1+ 33. Bxe1 Qxd6) 32. Rxa6 Rxd6 33. Rxd6 Qxd6 34. b4 Bf6 35. Kg2 Bh4 36. f4 Qd5+ 37. Qf3 Qa2 38. Qe2 Kh7 39. Kh3 Bf6 40. Qd3 Qd5 41. Kh2 Bd8 $17 42. Kg1 f5 43. gxf5 gxf5 44. b5 Bb6 45. Kh2 Qe4 46. Qc4 Kg7 47. Qc8 Qe2+ 48. Kg3 Qxb5 49. Qb7+ Kg6 50. Qc8 Qb3+ 51. Kh4 Qf7 52. Kh3 Kh7 53. Qa6 Bd8 54. Qd6 Qh5+ 55. Kg2 Qe2+ 56. Kh3 Qd3+ 57. Kg2 Qxd2+ 58. Kh3 Qe3+ 59. Kg2 Qe4+ 60. Kg1 Be7 61. Qd7 d3 62. Qe8 Bc5+ 63. Kf1 Qh1# 0-1

[Event "NED-ch U20 Youth 2019"]
[Site "Assen"]
[Date "2019.05.04"]
[Round "7.4"]
[White "Halfhide, Sebastian"]
[Black "Elgersma, Simon"]
[Result "1-0"]
[ECO "A30"]
[WhiteElo "2274"]
[BlackElo "2137"]
[Annotator "NA RC"]
[PlyCount "119"]
[EventDate "2019.04.28"]
[EventType "swiss"]
[EventCountry "NED"]
[SourceTitle "playchess.com"]
[Source "ChessBase"]
[SourceQuality "1"]
[TimeControl "40/5400+30:1800+30"]

1. c4 ({Predecessor:} 1. d4 Nf6 2. Nf3 d5 3. c4 e6 4. e3 Be7 5. Nbd2 O-O 6. b3 b6 7. Bb2 Bb7 8. Be2 Nbd7 9. O-O c5 10. Rc1 Rc8 11. cxd5 {0-1 (46) Makka,E (2084)-Koutoukidis,P (2357) Thessaloniki 2018}) 1... e6 2. Nf3 Nf6 3. b3 d5 4. Bb2 Be7 5. e3 c5 6. Be2 b6 7. O-O O-O 8. cxd5 Nxd5 9. d4 Bb7 10. Nbd2 Nd7 {[%emt 0:05:34] A30: Symmetrical English: Double Fianchetto and Hedgehog} 11. Rc1 Rc8 12. Nc4 b5 $146 (12... N7f6 13. a3 b5 14. Nce5 a6 15. dxc5 Rxc5 {½-½ (37) Korley,K (2420)-Brown,M (2505) Charlotte 2018}) 13. Nce5 Nxe5 14. Nxe5 a6 15. Bf3 f6 16. Nd3 c4 (16... cxd4 $11 17. exd4 Rxc1 18. Qxc1 Qc8) 17. bxc4 bxc4 18. Nc5 Bxc5 19. dxc5 Qa5 20. Rxc4 Rxc5 21. Rxc5 Qxc5 22. Bd4 Qc7 23. Qb3 Qf7 24. Rb1 Bc6 25. Be2 Qg6 ({Better is} 25... Ra8 $14) 26. f3 ({But not} 26. Bxa6 $2 {[#]} Nxe3 $1 27. Bf1 Bxg2 $19) 26... Ba4 27. Qb2 Bc2 28. Rc1 Bd3 {[%emt 0:00:17] [#]} 29. Bd1 $1 Rd8 {[%emt 0:02:19] [#]} 30. Qd2 (30. e4 $1 $18 {is the precise move to win.}) 30... e5 (30... Bb5 $16) 31. Bc5 $16 e4 (31... Kh8 $16 {keeps fighting.}) 32. f4 h5 {[%emt 0:01:40] [#]} 33. Qa5 $1 Rd7 {[%emt 0:01:17] [#]} 34. Ba4 $1 Bb5 35. Bxb5 axb5 36. Qxb5 Qg4 37. a4 Kh7 38. h3 Qf5 39. Qc4 Rc7 {[%emt 0:00:30] [#]} 40. Qd4 $1 Rd7 41. Qb2 g5 42. fxg5 Qxg5 43. Qf2 f5 44. Rd1 f4 45. exf4 Qf5 46. Kh1 Rc7 47. Bd6 Rc3 48. Be5 Rxh3+ 49. gxh3 Qxh3+ 50. Kg1 Qg4+ 51. Kh2 Qxd1 52. Qg2 Qg4 53. Qxe4+ Kh6 54. Qxd5 Qh4+ 55. Kg2 Qg4+ 56. Kf1 h4 57. Qc6+ Kh7 58. Qc7+ Kh6 59. Qg7+ Kh5 60. Qh7# 1-0

[Event "NED-ch U20 Youth 2019"]
[Site "Assen"]
[Date "2019.05.04"]
[Round "7.6"]
[White "Ypma, Jord"]
[Black "Van Randtwijk, Mick"]
[Result "0-1"]
[ECO "E33"]
[WhiteElo "1854"]
[BlackElo "2168"]
[Annotator "NA RC"]
[PlyCount "112"]
[EventDate "2019.04.28"]
[EventType "swiss"]
[EventCountry "NED"]
[SourceTitle "playchess.com"]
[Source "ChessBase"]
[SourceQuality "1"]
[TimeControl "40/5400+30:1800+30"]

1. d4 Nf6 2. c4 e6 3. Nc3 Bb4 4. Qc2 Nc6 5. Nf3 d6 6. Bd2 Qe7 7. a3 {[%emt 0:01:21] E33: Nimzo-Indian: Classical: 4...Nc6} (7. e3 a5 8. a3 Bxc3 9. Bxc3 e5 10. d5 Nb8 11. Nd2 O-O 12. b3 c6 13. dxc6 Nxc6 14. Bd3 Be6 15. O-O d5 16. cxd5 Bxd5 17. Rfd1 Rac8 {½-½ (17) Wagner,D (2580)-Nisipeanu,L (2670) Skopje 2019}) 7... Bxc3 8. Bxc3 e5 9. d5 Nb8 10. e4 Bg4 $146 ({Predecessor:} 10... O-O 11. b4 Nh5 12. g3 f5 13. Bg2 fxe4 14. Qxe4 Nf6 {½-½ (24) Holt,C (2555)-Perelshteyn,E (2513) Wheeling 2014}) 11. Nd2 Nbd7 12. g3 a5 13. Bg2 a4 14. O-O Nc5 15. Rae1 g5 16. f4 gxf4 17. gxf4 Rg8 18. Kh1 Nh5 19. fxe5 Qh4 (19... dxe5 $11 20. Nf3 f6) 20. Nf3 Bxf3 21. Rxf3 Nf4 22. Rxf4 (22. Rg1 $16) 22... Qxf4 23. exd6 Qxd6 24. Bb4 b6 (24... O-O-O $14) 25. Qe2 Qg6 $2 {[%emt 0:06:02] [#]} (25... O-O-O $1 $11) 26. Bxc5 $2 (26. Bh3 $1 $18) 26... bxc5 27. e5 Rb8 28. Be4 Qg4 29. Bf3 Qf5 30. d6 Kd8 31. Bd5 Re8 $2 (31... cxd6 $16 {might work better.} 32. exd6 Qd7) 32. dxc7+ $2 (32. Qd2 $18 Rb6 33. dxc7+ Kxc7 34. Qa5 {[%mdl 64] Double Attack}) 32... Kxc7 33. Qe3 Kb6 34. b4 axb3 $1 35. Qxb3+ Ka5 36. Qc3+ Ka6 37. Be4 Qf2 38. Rg1 Rg8 39. Rxg8 Rxg8 40. Qc1 Qd4 41. Qb1 {[%emt 0:09:13] [#]} Qd7 $2 (41... Rg1+ $1 $19 {[%mdl 512] is more deadly.} 42. Qxg1 Qxe4+ 43. Qg2 Qe1+ 44. Qg1 Qxg1+ 45. Kxg1 Ka5) 42. Bd5 Re8 43. Qb2 Re7 44. Qb8 Re8 45. Qb2 Ka7 46. Qf2 Qc7 47. Qc2 Qa5 48. Qf2 Re7 49. Qe3 Qb6 50. Qf2 Rxe5 51. Qxf7+ Ka6 52. Qd7 Qb1+ 53. Kg2 Re2+ 54. Kg3 Qg1+ 55. Kf4 Qd4+ 56. Kf5 Re5+ 0-1

[Event "NED-ch U20 Youth 2019"]
[Site "Assen"]
[Date "2019.05.04"]
[Round "7.8"]
[White "Ghebreab, Elnathan"]
[Black "Reichardt, Robin"]
[Result "1/2-1/2"]
[ECO "C28"]
[WhiteElo "1882"]
[BlackElo "2061"]
[Annotator "NA RC"]
[PlyCount "35"]
[EventDate "2019.04.28"]
[EventType "swiss"]
[EventCountry "NED"]
[SourceTitle "playchess.com"]
[Source "ChessBase"]
[SourceQuality "1"]
[TimeControl "40/5400+30:1800+30"]

1. e4 e5 2. Nc3 Nf6 3. Bc4 Nc6 4. d3 Na5 5. Nge2 Be7 6. Ng3 O-O 7. Nf5 Bb4 $1 8. Qf3 Bxc3+ 9. bxc3 Nxc4 10. Qg3 Nh5 11. Qh3 g6 12. g4 {[%emt 0:08:16] [#]} Nf4 $1 13. Qh6 gxf5 14. Bxf4 exf4 $2 (14... fxe4 $19 15. Bg3 exd3 16. cxd3 Nd6 17. Bxe5 f6 18. Bxd6 cxd6) 15. gxf5 Kh8 $1 ({Avoid the trap} 15... Ne5 $2 16. f6 $18) 16. Rg1 Rg8 17. Rxg8+ Qxg8 18. Qf6+ $19 1/2-1/2

[Event "NED-ch U20 Youth 2019"]
[Site "Assen"]
[Date "2019.05.04"]
[Round "7.9"]
[White "Achuthan, Dylan"]
[Black "Van Aken, Jelmer"]
[Result "1/2-1/2"]
[ECO "B50"]
[WhiteElo "1863"]
[BlackElo "1698"]
[Annotator "NA RC"]
[PlyCount "89"]
[EventDate "2019.04.28"]
[EventType "swiss"]
[EventCountry "NED"]
[SourceTitle "playchess.com"]
[Source "ChessBase"]
[SourceQuality "1"]
[TimeControl "40/5400+30:1800+30"]

1. e4 c5 2. Nf3 d6 3. c3 Nf6 4. Be2 Nbd7 5. d3 b6 6. O-O Bb7 7. h3 {[%emt 0:02:26] B50: Sicilian: 2...d6, Miscellaneous} (7. Re1 e5 8. Nbd2 Be7 9. d4 cxd4 10. cxd4 exd4 11. Nxd4 O-O 12. Nf5 Re8 13. Bb5 Bf8 14. Nc4 Nxe4 15. Qg4 {0-1 (52) Gholami,A (2492)-Jumabayev,R (2594) Hamedan 2018}) 7... e6 8. Be3 Be7 9. Nh2 $146 ({Predecessor:} 9. Nbd2 O-O 10. Qc2 Qc7 11. d4 cxd4 12. Nxd4 a6 13. f4 Rac8 {0-1 (36) Hakobyan,H (1760)-Chukavin,K (2164) Batumi 2014}) 9... d5 10. exd5 Nxd5 11. c4 Nxe3 12. fxe3 Bg5 13. Qd2 Ne5 14. Ng4 (14. Bf3 $17 {might work better.} Rb8 15. Rd1) 14... Qc7 15. d4 $2 (15. Nc3) 15... Nxg4 ({Less strong is} 15... cxd4 16. Qxd4 Nxg4 17. Qxg4 $19) 16. Bxg4 Rd8 (16... cxd4 $142 17. Qe1 Bxe3+ 18. Kh1 Qxc4) 17. Qf2 cxd4 18. exd4 Bf6 19. d5 Qxc4 20. Kh1 Qxd5 21. Nc3 Qd2 22. Bf3 Qxf2 23. Rxf2 Bxf3 24. Rxf3 Ke7 25. Raf1 Rhf8 26. Nb5 Rd7 ({Resist} 26... Bxb2 27. Nxa7 Rd2 28. a4 $19) 27. R1f2 Rfd8 28. g4 a6 29. g5 axb5 30. gxf6+ gxf6 31. Rxf6 Rd1+ 32. Kh2 Rf8 33. Rh6 Rd6 34. Rxh7 e5 35. Rh5 Ke6 36. Rhf5 f6 37. h4 e4 38. Rxb5 f5 39. Rb4 e3 $11 (39... Ke5 $19 40. Kg2 Rg8+ 41. Kh3 e3 42. Rb5+ Ke4 43. Rfxf5 Re8) 40. Rf1 Rd2+ 41. Kg3 f4+ 42. Rbxf4 Rxf4 43. Rxf4 Ke5 44. Rd4 Rf2 45. Rb4 1/2-1/2

[Event "NED-ch U20 Youth 2019"]
[Site "Assen"]
[Date "2019.05.04"]
[Round "7.10"]
[White "Emans, Job"]
[Black "Gijsen, William"]
[Result "1/2-1/2"]
[ECO "D45"]
[WhiteElo "1945"]
[BlackElo "2041"]
[Annotator "NA RC"]
[PlyCount "90"]
[EventDate "2019.04.28"]
[EventType "swiss"]
[EventCountry "NED"]
[SourceTitle "playchess.com"]
[Source "ChessBase"]
[SourceQuality "1"]
[TimeControl "40/5400+30:1800+30"]

1. d4 d5 2. c4 c6 3. Nc3 Nf6 4. Nf3 e6 5. e3 a6 6. Qc2 c5 7. cxd5 exd5 8. g3 {[%emt 0:02:07] D45: Semi-Slav: 5 e3} (8. Be2 Nc6 9. O-O Be6 10. Ne5 Qc7 11. Nxc6 bxc6 12. e4 dxe4 13. Nxe4 Nxe4 14. Qxe4 Bd6 15. Bf3 O-O 16. Qxc6 Bxh2+ {1-0 (60) Mamedyarov,S (2817)-Shankland,S (2724) Germany 2019}) 8... Nc6 9. Bg2 Nb4 10. Qd1 Bf5 11. O-O c4 (11... Bd3 $11) 12. Ne1 (12. a3 $14 Nd3 13. Ne5) 12... Be7 (12... h5 $11) 13. a3 (13. f3 $14) 13... Nd3 $146 ({Predecessor:} 13... Nc6 14. Nf3 O-O 15. Nd2 b5 {0-1 (41) Nolte,R (2417)-Nguyen,H (2474) Jakarta 2014}) 14. Nxd3 Bxd3 15. Re1 O-O 16. Qf3 Re8 (16... Ne4 $15 {keeps the upper hand.}) 17. Nxd5 Be4 18. Nxf6+ Bxf6 19. Qd1 Bxg2 20. Kxg2 Qd5+ 21. Kg1 Re6 22. Bd2 h5 23. Bc3 Rae8 24. Re2 h4 25. Qf1 Qf5 26. Rae1 Bg5 27. f4 Bd8 28. Qf3 Re4 $1 29. g4 Qe6 30. h3 Bc7 31. Kf1 g5 32. f5 Qd5 33. Kg2 b5 34. Rf1 f6 35. Ra1 a5 36. Be1 Qd6 37. Kg1 Bb6 38. Rd1 Qd5 39. Kf2 Kf7 40. Bc3 Bc7 41. Kg2 R8e7 42. Ra1 Ke8 43. Rd1 Kd7 44. Ra1 Kc6 $11 45. Rd1 Kd7 1/2-1/2